 Dungeon Crawl Stone Soup version 0.27-a0-1559-g299f9947c5 (webtiles) character file.

Game seed: 16448428924695079582

2 Morbidden the Stinger (level 1, 2/13 HPs)
             Began as a Demonspawn Venom Mage on July 16, 2021.
             Quit the game on level 2 of the Dungeon.
             The game lasted 00:00:14 (57 turns).

Morbidden the Stinger (Demonspawn Venom Mage)         Turns: 57, Time: 00:00:15

Health: 2/13       AC:  2    Str:  8    XL:     1   Next: 33%
Magic:  1/3        EV: 12    Int: 16    God:
Gold:   14         SH:  0    Dex: 13    Spells: 3/4 levels left

rFire    . . .     SeeInvis .   (no weapon)
rCold    . . .     Faith    .   (no shield)
rNeg     . . .     Spirit   .   a - +0 robe
rPois    .         Reflect  .   (no helmet)
rElec    .         Harm     .   (no cloak)
rCorr    .         Rampage  .   (no gloves)
Will     .....                  (no boots)
Stlth    ++........             (no amulet)
HPRegen  0.04/turn              (no ring)
MPRegen  0.08/turn              (no ring)

@: no status effects
A: no striking features
a: no special abilities


You were on level 2 of the Dungeon.
You visited 1 branch of the dungeon, and saw 2 of its levels.

You collected 14 gold pieces.

Inventory:

Armour
 a - a +0 robe (worn)


   Skills:
 + Level 1.7 Dodging
 + Level 1.9 Stealth
 + Level 2.1 Spellcasting
 + Level 0.8 Transmutations
 + Level 3.0 Poison Magic


You had 3 spell levels left.
You knew the following spells:

 Your Spells              Type           Power      Damage    Failure   Level
a - Sting                 Tmut/Pois      28%        1d4       10%         1

Your spell library contained the following spells:

 Spells                   Type           Power      Damage    Failure   Level
 Poisonous Vapours        Pois/Air       12%        N/A       17%         2
 Mephitic Cloud           Conj/Pois/Air  4%         N/A       38%         3
 Olgreb's Toxic Radiance  Pois           11%        N/A       52%         4


Dungeon Overview and Level Annotations

Branches:
Dungeon (2/15)

Altars:


Message History

Found a spear and 5 gold pieces.
The jackal barely misses you. The bat hits you but does no damage.
The bat closely misses you. The jackal barely misses you. The jackal bites you.
The bat hits you but does no damage. The bat closely misses you.
The jackal barely misses you.
A jackal comes into view.
The bat hits you. The jackal bites you. The jackal bites you.
The bat closely misses you. The jackal bites you. x2
There is a stone staircase leading down here.
The bat closely misses you. The jackal bites you.
The jackal bites you but does no damage. x2
You climb downwards.
Found 18 arrows.
There is a stone staircase leading up here.
Unknown command.
Unknown command.
The bat closely misses you. The bat closely misses you.
The bat barely misses you. The bat barely misses you.
The bat closely misses you. The jackal bites you. The bat misses you.
The bat barely misses you. x2
The bat hits you but does no damage. The bat completely misses you.
Casting: Sting (safe; 10% risk of failure)
Confirm with . or Enter, or press ? or * to list all spells.
Aiming: Sting (safe; 10% risk of failure)
Press: ? - help, Shift-Dir - straight line, f - bat
Aim: a bat (52% to hit)
The sting hits the bat.
The bat is poisoned.
The bat is heavily wounded.
You kill the bat!
The jackal bites you.
* * * LOW HITPOINT WARNING * * *
Unknown command.
The jackal barely misses you.
You aren't carrying any potions.
Unknown command.
Are you sure you want to abandon this character and quit the game? (Confirm with "yes".)

############.....#
#..........#..<..#
#..............#
#.######.#.....#
#.# #.#.....# #.#
#.#...#.# # #h#
#.#####.#
#####.#h######..
.#
.......@........
..
#####+#......###
.#####+.. .. ...
#... #.## #+


You could see 2 jackals.

Vanquished Creatures
  A bat (D:2)
  A jackal (D:1)
2 creatures vanquished.

Notes
Turn   | Place    | Note
-------+----------+-------------------------------------------
     0 | D:1      | Morbidden the Demonspawn Venom Mage began the quest for the
                  | Orb.
     0 | D:1      | Reached XP level 1. HP: 13/13 MP: 3/3
    57 | D:2      | Quit the game

Illustrated notes

Levels and vault maps discovered:
D:1:      saegor_arrival_miasma, layout_basic
D:2:      layout_basic, basic_altar, chequers_ecumenical_altar_grove

Action                   || total
-------------------------++-------
 Cast: Sting             ||     4
Armor: Robe              ||     5
Dodge: Dodged            ||    18

Table legend: (Time is in decaauts)
 A = Elapsed time spent in this place.
 B = Non-inter-level travel time spent in this place.
 C = Inter-level travel time spent in this place.
 D = Time resting spent in this place.
 E = Time spent auto-exploring this place.
 F = Levels seen in this place.
 G = Mean time per level.
                   A        B        C        D        E       F      G
               +--------+--------+--------+--------+--------+-----+--------+
         Total |     56 |     56 |      0 |      0 |     23 |   2 |   28.0 |
       Dungeon |     56 |     56 |      0 |      0 |     23 |   2 |   28.0 |
               +--------+--------+--------+--------+--------+-----+--------+

Top non-repeatable levels by time:
     D:1: 39 daAuts
     D:2: 17 daAuts
